 Dungeon Crawl Stone Soup version 0.27-a0-216-g1fbed8a51c (webtiles) character file.

Game seed: 13758694606576280884

46 vurker the Sneak (level 3, 0/25 HPs)
             Began as a Gnoll Enchanter on Jan 31, 2021.
             Succumbed to an adder's poison
             ... on level 2 of the Dungeon.
             The game lasted 00:01:46 (1393 turns).

vurker the Sneak (Gnoll Enchanter)                  Turns: 1393, Time: 00:01:47

Health: 0/25       AC: 12    Str:  7    XL:     3   Next: 68%
Magic:  9/9        EV: 11    Int: 15    God:
Gold:   57         SH:  0    Dex: 12    Spells: 11/12 levels left

rFire    . . .     SeeInvis .   f - +1 mace (protect)
rCold    . . .     Faith    .   (no shield)
rNeg     . . .     Spirit   .   e - +0 ring mail
rPois    .         Reflect  .   (no helmet)
rElec    .         Harm     .   (no cloak)
rCorr    .         Rampage  .   (no gloves)
Will     .....                  (no boots)
Stlth    ++........             (no amulet)
HPRegen  0.08/turn              (no ring)
MPRegen  0.11/turn              (no ring)

@: lethally poisoned (0 -> -9), protection aura
A: distributed training, fangs 1, strong nose
a: no special abilities


You were on level 2 of the Dungeon.
You visited 1 branch of the dungeon, and saw 2 of its levels.

You collected 57 gold pieces.

Inventory:

Hand Weapons
 a - a +1 dagger
 f - a +1 mace of protection (weapon)
   (You found it on level 1 of the Dungeon)
Armour
 e - a +0 ring mail (worn)
   (You found it on level 1 of the Dungeon)
 i - a scarf of resistance
   (You found it on level 2 of the Dungeon)
Scrolls
 b - a scroll of immolation {unknown}
 d - a scroll of enchant armour {unknown}
 h - a scroll of remove curse {unknown}
Potions
 c - a potion of flight {unknown}
 g - a potion of invisibility {unknown}


   Skills:
 + Level 0.9 Fighting
 + Level 2.6 Short Blades
 + Level 0.9 Long Blades
 + Level 0.9 Axes
 + Level 0.9 Maces & Flails
 + Level 0.9 Polearms
 + Level 0.9 Staves
 + Level 0.9 Slings
 + Level 0.9 Bows
 + Level 0.9 Crossbows
 + Level 0.9 Throwing
 + Level 0.9 Armour
 + Level 4.5 Dodging
 + Level 6.0 Stealth
 + Level 0.9 Shields
 + Level 0.9 Unarmed Combat
 + Level 5.0 Spellcasting
 + Level 0.6 Conjurations
 + Level 5.4 Hexes
 + Level 0.6 Summonings
 + Level 0.6 Necromancy
 + Level 0.6 Translocations
 + Level 0.6 Transmutations
 + Level 0.6 Fire Magic
 + Level 0.6 Ice Magic
 + Level 0.6 Air Magic
 + Level 0.6 Earth Magic
 + Level 0.6 Poison Magic
 + Level 1.0 Invocations
 + Level 0.9 Evocations


You had 11 spell levels left.
You knew the following spells:

 Your Spells              Type           Power        Failure   Level
a - Corona                Hex            22%          6%          1

Your spell library contained the following spells:

 Spells                   Type           Power        Failure   Level
 Confusing Touch          Hex            20%          19%         3
 Tukima's Dance           Hex            20%          19%         3
 Ensorcelled Hibernation  Hex/Ice        24%          24%         2
 Dazzling Flash           Conj/Hex       24%          43%         3


Dungeon Overview and Level Annotations

Branches:
Dungeon (1/15)

Altars:


Innate Abilities, Weirdness & Mutations

Your experience applies equally to all skills.
You have very sharp teeth.
Your uncanny sense of smell can sniff out nearby items.


Message History

You hit the leopard gecko.
You kill the leopard gecko!
No target in view!
No target in view!
No target in view!
No target in view!
No target in view!
No target in view!
No target in view!
No target in view!
No target in view!
No target in view!
Things that are here:
a +0 short sword; an orc skeleton You see here a mace.
Found an embroidered scarf.
An orc and an orc priest come into view.
There are monsters nearby!
The orc priest shouts!
You hear a shout!
An orc comes into view. It is wielding a +0 trident.
An orc comes into view.
An adder comes into view.
You see here an embroidered scarf.
i - an embroidered scarf A ball python comes into view.
The ball python hisses angrily.
A goblin comes into view. It is wielding a +0 dagger.
The adder barely misses you.
The orc shouts!
The adder bites you.
You are poisoned.
The adder poisons you!
You feel sick.
The orc priest calls down the wrath of Beogh upon you.
Beogh smites you!
Ouch! That really hurt!
* * * LOW HITPOINT WARNING * * *
You hear a shout!
You hit the adder.
Your weapon exudes an aura of protection.
The adder misses you. The adder bites you.
* * * LOW HITPOINT WARNING * * *
You are more poisoned.
The adder poisons you!
You hit the adder.
* * * LOW HITPOINT WARNING * * *
You feel sick. The adder bites you but does no damage.
The orc barely misses you.
You closely miss the adder.
You die...

#..##.###.########∆
∆ #..##.)...# #...#
#..####.### ##.###
#..# #.# ##...##
#.)####.####.....#
#................#
#.#####..........#
######o....#
#.#@### ∆
oo.#####.#S###
#o...go..oS..#
#..#####.#.###
#.#.# .#####.#.###
......S.....#
..#######.### ### ∆


You could see an orc priest, an adder, an orc and a ball python.

Vanquished Creatures
  An ooze (D:1)
  A worm (D:2)
  3 leopard geckos (D:2)
  3 orcs (D:2)
  2 giant cockroaches
  3 goblins
  4 hobgoblins (D:1)
  3 jackals (D:1)
  A bat (D:1)
  3 frilled lizards (D:1)
  3 kobolds (D:1)
  4 rats (D:1)
31 creatures vanquished.

Notes
Turn   | Place    | Note
-------+----------+-------------------------------------------
     0 | D:1      | vurker the Gnoll Enchanter began the quest for the Orb.
     0 | D:1      | Reached XP level 1. HP: 13/13 MP: 6/6
   191 | D:1      | Reached XP level 2. HP: 6/20 MP: 7/7
   836 | D:1      | Reached XP level 3. HP: 25/25 MP: 9/9
   851 | D:1      | Reached skill level 5 in Spellcasting
  1025 | D:1      | You fall into a shaft and drop 1 floor!
  1058 | D:2      | Reached skill level 6 in Stealth
  1075 | D:2      | Reached skill level 1 in Invocations
  1392 | D:2      | HP: 1/25 [poisoned by an adder]
  1393 | D:2      | Succumbed to an adder's poison

Illustrated notes

Levels and vault maps discovered:
D:1:      elethiomel_arrival_quiet, layout_loops_ring
D:2:      kennysheep_six_static_rooms, layout_loops_ring, uniq_jessica

Skill      XL: |  1  2  3 |
---------------+----------+-----
Spellcasting   | 5 |  5.0
Stealth        | 6 |  6.0
Invocations    | 1 |  1.0
Fighting       | |  0.9
Short Blades   | |  2.6
Long Blades    | |  0.9
Axes           | |  0.9
Maces & Flails | |  0.9
Polearms       | |  0.9
Staves         | |  0.9
Slings         | |  0.9
Bows           | |  0.9
Crossbows      | |  0.9
Throwing       | |  0.9
Armour         | |  0.9
Dodging        | |  4.5
Shields        | |  0.9
Unarmed Combat | |  0.9
Conjurations   | |  0.6
Hexes          | |  5.4
Summonings     | |  0.6
Necromancy     | |  0.6
Translocations | |  0.6
Transmutations | |  0.6
Fire Magic     | |  0.6
Ice Magic      | |  0.6
Air Magic      | |  0.6
Earth Magic    | |  0.6
Poison Magic   | |  0.6
Evocations     | |  0.9

Action                   || total
-------------------------++-------
Melee: Dagger            ||    79
       Bite              ||    16
       Mace              ||    71
       Punch             ||     1
 Stab: Sleeping          ||     6
Armor: Robe              ||    13
       Ring mail         ||    34
Dodge: Dodged            ||   100

Table legend: (Time is in decaauts)
 A = Elapsed time spent in this place.
 B = Non-inter-level travel time spent in this place.
 C = Inter-level travel time spent in this place.
 D = Time resting spent in this place.
 E = Time spent auto-exploring this place.
 F = Levels seen in this place.
 G = Mean time per level.
                   A        B        C        D        E       F      G
               +--------+--------+--------+--------+--------+-----+--------+
         Total |   1409 |   1409 |      0 |      0 |   1105 |   2 |  704.5 |
       Dungeon |   1409 |   1409 |      0 |      0 |   1105 |   2 |  704.5 |
               +--------+--------+--------+--------+--------+-----+--------+

Top non-repeatable levels by time:
     D:1: 1017 daAuts
     D:2: 391 daAuts
